 Dungeon Crawl Stone Soup version 0.19-a0-1104-gecadb88 (webtiles) character file.

64 DarthKuruptios the Digger (level 4, -1/24 HPs)
             Began as a Gargoyle Earth Elementalist on Aug 8, 2016.
             Slain by a gnoll
             ... wielding a +0 club
              (9 damage)
             ... on level 2 of the Dungeon.
             The game lasted 00:08:49 (2159 turns).

DarthKuruptios the Digger (GrEE)                    Turns: 2159, Time: 00:08:50

Health: -1/24      AC:  5    Str: 11 (12) XL:     4   Next: 12%
Magic:  6/8        EV:  6    Int: 14 (16) God:
Gold:   100        SH:  0    Dex:  8 (10) Spells: 3 memorised, 3 levels left

rFire  + . .     SeeInvis .     (no weapon)
rCold  . . .     Gourm    .     c - +0 robe
rNeg   + . .     Faith    .     (no shield)
rPois  ∞         Spirit   .     (no helmet)
rElec  +         Dismiss  .     (no cloak)
rCorr  .         Reflect  .     (no gloves)
SustAt .         Harm     .     (no boots)
MR     .....                    (no amulet)
Stlth  ++........               (no ring)
                                f - ring of protection from fire

@: held
A: negative energy resistance 1, electricity resistance, unbreathing,
petrification resistance, rot immunity, AC +3
a: no special abilities


You were on level 2 of the Dungeon.
You were hungry.

You visited 1 branch of the dungeon, and saw 3 of its levels.

You collected 100 gold pieces.

Inventory:

Missiles
 b - 15 stones (quivered)
Armour
 c - a +0 robe (worn)
Jewellery
 f - a ring of protection from fire (left hand)
Scrolls
 h - a scroll of identify
 j - 2 scrolls of random uselessness
Potions
 n - a potion of cancellation
Books
 e - a book of Geomancy

   Spells                             Type                      Level
   a - Sandblast                      Earth                        1
   b - Passwall                       Transmutation/Earth          2
   c - Stone Arrow                    Conjuration/Earth            3
   d - Petrify                        Transmutation/Earth          4
   e - Lee's Rapid Deconstruction     Earth                        5
Comestibles
 a - 2 chunks of flesh
 d - 2 bread rations
 g - a slice of pizza
 k - 2 beef jerkies
 l - 2 royal jellies


   Skills:
 + Level 1.7 Dodging
 + Level 2.2 Stealth
 + Level 3.2 Spellcasting
 + Level 0.7 Transmutations
 + Level 4.5 Earth Magic


You had 3 spell levels left.
You knew the following spells:

 Your Spells              Type           Power        Failure   Level  Hunger
a - Sandblast             Erth           ##....       3%          1    #......
b - Passwall              Tmut/Erth      #.........   14%         2    ##.....
c - Stone Arrow           Conj/Erth      #.....       24%         3    ###....


Dungeon Overview and Level Annotations

Branches:
Dungeon (3/15)

Altars:
Elyvilon
The Shining One


Innate Abilities, Weirdness & Mutations

You are resistant to torment.
Your stone body is resilient. (AC +3)
You are immune to poison.
You resist negative energy. (rN+)
You are resistant to electric shocks. (rElec)
You can survive without breathing.
You are immune to petrification.
You are immune to rotting.


Message History

Okay, then.
Casting: Sandblast
Confirm with . or Enter, or press ? or * to list all spells.
Aiming: Sandblast
Press: ? - help, Shift-Dir - straight line, f - gnoll
Aim: a gnoll, wielding a spear The blast of sand hits the gnoll.
The gnoll is moderately wounded.
The gnoll hits you but does no damage.
The gnoll hits you from afar with a spear.
The gnoll hits you but does no damage.
Casting: Sandblast
Confirm with . or Enter, or press ? or * to list all spells.
Aiming: Sandblast
Press: ? - help, Shift-Dir - straight line, f/p - gnoll
Aim: a gnoll, wielding a spear (moderately wounded)
The blast of sand hits the gnoll.
The gnoll is moderately wounded.
The gnoll hits you with a club!
You die...

##########
#...##...#
#...##.#.###########
#...##.............#
...................#
#######............#
................g..#
................@..#
...###..........g..#
...# #.#'#'#####g###
...# #......# #.#
...# #......# #.#
.).# #......# #.#
...# #......# #.#
...###.#..... #.#
.......#...... #)#


You could see 3 gnolls.

Vanquished Creatures
  2 adders (D:2)
  A gnoll (D:2)
  2 worms (D:2)
  2 giant cockroaches (D:2)
  5 goblins
  3 hobgoblins (D:1)
  3 jackals (D:2)
  6 bats
  A giant newt (D:1)
  2 kobolds
  3 rats
30 creatures vanquished.

Notes
Turn   | Place    | Note
-------+----------+-------------------------------------------
     0 | D:1      | DarthKuruptios the Gargoyle Earth Elementalist began the quest for the Orb.
     0 | D:1      | Reached XP level 1. HP: 10/10 MP: 3/3
   664 | D:1      | Reached XP level 2. HP: 5/15 MP: 1/5
   934 | D:1      | Reached skill level 4 in Earth Magic
  1270 | D:1      | Learned a level 2 spell: Passwall
  1341 | D:2      | Found a glowing golden altar of the Shining One.
  1345 | D:2      | Reached XP level 3. HP: 10/19 MP: 2/7
  1575 | D:2      | Found a faded altar of an unknown god.
  1604 | D:2      | Learned a level 3 spell: Stone Arrow
  1638 | D:2      | Found a white marble altar of Elyvilon.
  2069 | D:2      | Reached XP level 4. HP: 23/24 MP: 2/8
  2159 | D:2      | Slain by a gnoll

Vault maps used:
D:1:      lightli_arrival_farm, minmay_heptomino_l4
D:2:      nicolae_dithmenos_through_a_glass_darkly, old_standard_altar,
          nicolae_overflow_crystal_walls, ecumenical_altar_2, first_bread
D:3:      lemuel_round_altar, okawaru_trees_1, serial_forest,
          infiniplex_forest_join, infiniplex_forest_straight_3,
          infiniplex_forest_lined_3, infiniplex_forest_clump_diagonal,
          infiniplex_forest_clump_cross, infiniplex_forest_clump_medium,
          infiniplex_forest_lined_corner, infiniplex_forest_diagonal,
          infiniplex_forest_end_3, uniq_jessica

Skill      XL: |  1  2  3 |
---------------+----------+-----
Earth Magic    | 4 |  4.5
Spellcasting   | 3 |  3.2
Dodging        | |  1.7
Stealth        | |  2.2
Transmutations | |  0.7

Action                   |  1- 3 |  4- 6 || total
-------------------------+-------+-------++-------
Melee: Unarmed           |     8 |     1 ||     9
 Cast: Sandblast         |    60 |     6 ||    66
       Stone Arrow       |     1 |       ||     1
  Use: Potion            |     3 |       ||     3
       Scroll            |     4 |       ||     4
  Eat: Chunk             |     5 |       ||     5
Armor: Robe              |    15 |     2 ||    17
Dodge: Dodged            |    23 |     4 ||    27
